 Dungeon Crawl Stone Soup version 0.19.5 (webtiles) character file.

3622 sveltemanboy the Spear-Bearer (level 9, -1/63 HPs)
             Began as a Demonspawn Monk on Mar 29, 2017.
             Was an Elder of Makhleb.
             Killed by divine providence
             ... invoked by an orc priest
              (17 damage)
             ... on level 9 of the Dungeon.
             The game lasted 00:21:54 (9500 turns).

sveltemanboy the Spear-Bearer (Demonspawn Monk)     Turns: 9500, Time: 00:21:55

Health: -1/63      AC: 14    Str: 14    XL:     9   Next: 87%
Magic:  15/15      EV: 10    Int: 12    God:    Makhleb [****..]
Gold:   134        SH:  6    Dex: 21    Spells: 0 memorised, 8 levels left

rFire  + . .     SeeInvis .     a - +0 trident (freeze)
rCold  . . .     Gourm    .     p - +0 scale mail
rNeg   . . .     Faith    .     b - +0 buckler
rPois  .         Spirit   .     K - +0 helmet
rElec  .         Reflect  .     q - +2 cloak
rCorr  .         Harm     .     G - +1 pair of gloves of Negligence {rF+}
MR     +....                    (no boots)
Stlth  +.........               (no amulet)
                                h - ring of protection from magic
                                e - +5 ring of dexterity

@: no status effects
A: hooves 1, iridescent scales 1, foul stench 1, rot immunity
a: Minor Destruction, Lesser Servant of Makhleb, Major Destruction, Renounce
Religion


You were on level 9 of the Dungeon.
You worshipped Makhleb.
Makhleb was greatly pleased with you.
You were hungry.

You visited 2 branches of the dungeon, and saw 10 of its levels.

You collected 419 gold pieces.
You spent 285 gold pieces at shops.

Inventory:

Hand Weapons
 a - a +0 trident of freezing (weapon)
 J - a +0 glaive
Armour
 b - a +0 buckler (worn)
 p - a +0 scale mail (worn)
 q - a +2 cloak (worn)
 G - the +1 pair of gloves of Negligence (worn) {rF+}
   (You bought it in a shop on level 7 of the Dungeon)

   It protects you from fire.
 K - a +0 helmet (worn)
Jewellery
 e - a +5 ring of dexterity (left hand)
 h - a ring of protection from magic (right hand)
Wands
 D - a wand of polymorph (9/24)
 H - a wand of iceblast (8/15)
 L - a wand of flame (17/48)
Scrolls
 m - 6 scrolls of teleportation
 n - 4 scrolls of identify
 r - 4 scrolls of remove curse
 x - a scroll of fear
Potions
 d - a potion of heal wounds
 f - 2 potions of might {unknown}
 o - a potion of flight
 s - 2 potions of brilliance {unknown}
 t - 2 potions of cancellation {unknown}
 u - 4 potions of curing
 v - a potion of magic {unknown}
 w - a potion of beneficial mutation {unknown}
 A - 2 potions of cure mutation {unknown}
Comestibles
 c - 7 bread rations
 g - 4 meat rations
 l - 7 fruits
 z - a slice of pizza
 B - 2 beef jerkies


   Skills:
 - Level 3.0 Fighting
 * Level 10.7 Polearms
 - Level 2.0 Armour
 - Level 2.6 Dodging
 - Level 1.7 Stealth
 - Level 4.0 Shields
 + Level 8.7 Invocations


You had 8 spell levels left.
You didn't know any spells.

Dungeon Overview and Level Annotations

Branches:
Dungeon (9/15)             Temple (1/1) D:4            Lair (0/6) D:9
    Orc: D:9-12

Altars:
Ashenzari
Dithmenos
Gozag
Kikubaaqudgha
Makhleb
Okawaru
Qazlal
Trog
Vehumet
Yredelemnul
The Shining One
Beogh

Shops:
D:4 :   D:7 [


Innate Abilities, Weirdness & Mutations

You have large cloven feet.
You are partially covered in iridescent scales. (AC +2)
You may emit foul miasma when damaged in melee.
You are immune to rotting.


Message History

An orc comes into view. It is wielding a club.
A demon appears!
The orc shouts! x2
The orc warrior hits you with a mace!
* * * LOW HITPOINT WARNING * * *
You emit a cloud of foul miasma!
You block the orc warrior's attack.
Unknown command.
The orc warrior is engulfed in dark miasma.
The orc warrior is poisoned.
Your ynoxinul gestures.
Your ufetubus hits the orc warrior but does no damage.
Your ufetubus hits the orc warrior.
The orc warrior hits your ufetubus with a mace!!
Your ufetubus dies!
Your ynoxinul hits the orc warrior but does no damage.
Your ufetubus closely misses the orc warrior.
Your ufetubus hits the orc warrior but does no damage.
The orc priest calls down the wrath of Beogh upon you.
Beogh smites you!
You die...

### ##.....##
####......#.
###...........
#####.............
#.................
#######...........
#...........
#...........
#...@.##....
#.....# #..
#..53## #.oo.#
##..ยง## ...
######...o# .o.
#.......o.# o...
##......o## .....
##......### #.....


You could see 2 orc warriors, an orc priest, 2 orcs, a friendly ynoxinul and a
friendly ufetubus.

Vanquished Creatures
  A two-headed ogre (D:9)
  A hornet (D:9)
  Sigmund (D:3)
  Menkaure (D:6)
  A hell hound (D:9)
  2 sky beasts
  3 phantoms (D:4)
  4 centaurs
  An ogre (D:7)
  A big kobold (D:7)
  6 bullfrogs
  2 scorpions
  4 killer bees (D:8)
  The ghost of Squonk the Insei, a weakling DsTm (D:3)
  2 howler monkeys (D:8)
  3 crimson imps
  A jelly (D:7)
  4 orc priests
  2 bullfrog skeletons
  3 hounds
  An iguana (D:8)
  8 orc wizards
  3 worker ants
  A hound zombie (D:8)
  A hound skeleton (D:7)
  A howler monkey zombie (D:7)
  3 gnolls
  8 adders
  A shadow imp (D:6)
  An adder skeleton (D:8)
  A worm (D:6)
  3 leopard geckos
  54 orcs
  A ball python (D:3)
  4 giant cockroaches
  4 goblins
  5 hobgoblins
  4 jackals (D:2)
  3 quokkas
  7 bats
  A frilled lizard (D:2)
  A jackal skeleton (D:4)
  10 kobolds
  A quokka zombie (D:5)
  4 rats
175 creatures vanquished.

Vanquished Creatures (collateral kills)
  A hell hound (D:9)
  2 orc warriors (D:7)
  A jelly (D:7)
  An iguana (D:7)
  11 orcs (D:7)
16 creatures vanquished.

Grand Total: 191 creatures vanquished

Notes
Turn   | Place    | Note
-------+----------+-------------------------------------------
     0 | D:1      | sveltemanboy the Demonspawn Monk began the quest for the Orb.
     0 | D:1      | Reached XP level 1. HP: 18/18 MP: 1/1
   371 | D:1      | Reached skill level 3 in Polearms
   565 | D:1      | Gained mutation: You are immune to rotting. [demonic ancestry]
   565 | D:1      | Reached XP level 2. HP: 23/24 MP: 2/2
   671 | D:2      | Reached skill level 1 in Armour
  1112 | D:2      | Reached XP level 3. HP: 18/29 MP: 3/3
  1681 | D:3      | Noticed Squonk's ghost (weakling DsTm)
  1723 | D:3      | Killed Squonk's ghost
  1723 | D:3      | Reached skill level 1 in Shields
  1723 | D:3      | Gained mutation: You have large cloven feet. [demonic ancestry]
  1723 | D:3      | Reached XP level 4. HP: 24/35 MP: 4/4
  1834 | D:3      | Reached skill level 4 in Polearms
  2246 | D:3      | Found a shattered altar of Ashenzari.
  2409 | D:3      | Noticed Sigmund
  2956 | D:3      | Reached XP level 5. HP: 39/41 MP: 5/5
  3238 | D:4      | Found a basalt altar of Yredelemnul.
  3261 | D:4      | Noticed a phantom
  3286 | D:4      | Killed a phantom
  3286 | D:4      | Reached skill level 5 in Polearms
  3286 | D:4      | Reached XP level 6. HP: 35/47 MP: 6/6
  3955 | D:4      | Found Wirad's Book Shop.
  4062 | D:4      | Found a staircase to the Ecumenical Temple.
  4070 | Temple   | Entered the Ecumenical Temple
  4076 | Temple   | Became a worshipper of Makhleb the Destroyer
  4076 | Temple   | Reached * piety under Makhleb
  4076 | Temple   | Reached ** piety under Makhleb
  4124 | D:5      | Entered Level 5 of the Dungeon
  4161 | D:5      | Reached skill level 1 in Invocations
  4321 | D:5      | Gained mutation: You may emit foul miasma when damaged in melee. [demonic ancestry]
  4321 | D:5      | Reached XP level 7. HP: 48/52 MP: 6/8
  4357 | D:5      | Reached skill level 6 in Polearms
  5440 | D:3      | Killed Sigmund
  5762 | D:6      | Reached skill level 7 in Polearms
  5762 | D:6      | Gained mutation: You are partially covered in iridescent scales. (AC +2) [demonic ancestry]
  5762 | D:6      | Reached XP level 8. HP: 57/58 MP: 10/10
  5914 | D:6      | Noticed Menkaure
  5918 | D:6      | Killed Menkaure
  6023 | D:6      | Reached skill level 8 in Polearms
  6023 | D:6      | Reached skill level 5 in Invocations
  6502 | D:7      | Found Eguu's Antique Armour Shoppe.
  6511 | D:7      | Bought a pair of ichor-stained gloves for 285 gold pieces
  6516 | D:7      | Identified the +1 pair of gloves of Negligence {rF+} (You bought it in a shop on level 7 of the Dungeon)
  6574 | D:7      | Reached *** piety under Makhleb
  6712 | D:7      | Found a glowing golden altar of the Shining One.
  6713 | D:7      | Found an ancient bone altar of Kikubaaqudgha.
  6788 | D:7      | Found a runed door.
  7019 | D:7      | Reached XP level 9. HP: 40/63 MP: 13/13
  7068 | D:7      | Reached skill level 9 in Polearms
  7077 | D:7      | Found a roughly hewn altar of Beogh.
  7941 | D:7      | Found a radiant altar of Vehumet.
  8256 | D:8      | Reached **** piety under Makhleb
  8342 | D:8      | Reached skill level 10 in Polearms
  9158 | D:9      | Found a staircase to the Lair.
  9500 | D:9      | Killed from afar by an orc priest

Skill      XL: |  1  2  3  4  5  6  7  8  9 |
---------------+----------------------------+-----
Polearms       | 3 4 5 7 8 10 | 10.7
Armour         | 1 2 |  2.0
Shields        | 1 2 3 4 |  4.0
Invocations    | 1 3 6 8 |  8.7
Fighting       | |  3.0
Dodging        | |  2.6
Stealth        | |  1.7

Action                   |  1- 3 |  4- 6 |  7- 9 || total
-------------------------+-------+-------+-------++-------
Melee: Spear             |   179 |   150 |       ||   329
       Kick              |       |    96 |   197 ||   293
       Trident           |       |   164 |   593 ||   757
Invok: Minor Destruction |       |       |    20 ||    20
       Lesser Servant of |       |       |     4 ||     4
  Use: Scroll            |     2 |     4 |    10 ||    16
       Potion            |     1 |     4 |     1 ||     6
 Stab: Sleeping          |     2 |       |       ||     2
       Distracted        |     1 |       |       ||     1
  Eat: Chunk             |     3 |     8 |    17 ||    28
Armor: Ring mail         |    51 |    13 |       ||    64
       Scale mail        |       |   113 |   164 ||   277
Dodge: Dodged            |    89 |   116 |   155 ||   360
Block: Buckler           |       |       |   100 ||   100
